% Time on Ice - VICTORIA GLADIATORS
Lines # - Real PCT - Wanted PCT - Time Play
Normal Forward
1 - 32% - 36% - 14:20
2 - 29% - 31% - 13:12
3 - 18% - 23% - 8:14
4 - 20% - 10% - 9:04
Normal Defense
1 - 42% - 36% - 18:55
2 - 28% - 31% - 12:38
3 - 28% - 23% - 12:25
4 - 2% - 10% - 0:52
PP Forward
1 - 51% - 52% - 2:02
2 - 49% - 48% - 1:56
PP Defense
1 - 51% - 52% - 2:02
2 - 49% - 48% - 1:56
PK Forward
1 - 50% - 52% - 5:33
2 - 50% - 48% - 5:39
PK Defense
1 - 46% - 52% - 5:10
2 - 54% - 48% - 6:02
PK3 Forward
1 - 0% - 52%
2 - 0% - 48%
PK3 Defense
1 - 0% - 52%
2 - 0% - 48%
44 Forward
1 - 0% - 52%
2 - 0% - 48%
44 Defense
1 - 0% - 52%
2 - 0% - 48%
Last Minute Offensive  - 0:00
Last Minute Defensive  - 0:00
Total
Forward - 60:00
Defense - 60:00
% Time on Ice - VANCOUVER VOODOO
Lines # - Real PCT - Wanted PCT - Time Play
Normal Forward
1 - 31% - 34% - 13:43
2 - 31% - 34% - 14:02
3 - 26% - 25% - 11:49
4 - 12% - 7% - 5:16
Normal Defense
1 - 35% - 37% - 15:42
2 - 29% - 33% - 13:07
3 - 32% - 24% - 14:08
4 - 4% - 6% - 1:53
PP Forward
1 - 49% - 50% - 5:31
2 - 51% - 50% - 5:41
PP Defense
1 - 52% - 59% - 5:47
2 - 48% - 41% - 5:25
PK Forward
1 - 58% - 50% - 2:17
2 - 42% - 50% - 1:41
PK Defense
1 - 45% - 58% - 1:47
2 - 55% - 42% - 2:11
PK3 Forward
1 - 0% - 55%
2 - 0% - 45%
PK3 Defense
1 - 0% - 60%
2 - 0% - 40%
44 Forward
1 - 0% - 50%
2 - 0% - 50%
44 Defense
1 - 0% - 50%
2 - 0% - 50%
Last Minute Offensive  - 0:00
Last Minute Defensive  - 0:00
Total
Forward - 60:00
Defense - 60:00
Play-by-Play 1st period 0:01 of 1st period - Anze Kopitar wins face-off versus Carl Soderberg in neutral zone. 1:17 of 1st period - Shot by Tyson Jost. 1:17 of 1st period - Goal by Tyson Jost - VICTORIA GLADIATORS : 0 - VANCOUVER VOODOO : 1. 1:18 of 1st period - Leo Komarov wins face-off versus Lars Eller in neutral zone. 1:25 of 1st period - Lars Eller is hit by Leo Komarov. 2:14 of 1st period - Shot by Jason Spezza. 2:14 of 1st period - Stopped by Pheonix Copley with a rebound. 2:17 of 1st period - Riley Sheahan is hit by Jack Johnson and loses puck. 2:52 of 1st period - Jack Johnson is hit by Zack Smith and loses puck. 2:59 of 1st period - Shot by Frans Nielsen. 2:59 of 1st period - Deflect By Zack Smith. 2:59 of 1st period - Stopped by Pheonix Copley without a rebound. 3:00 of 1st period - Carl Soderberg wins face-off versus Bryan Little in VANCOUVER VOODOO zone. 3:01 of 1st period - Shot by Alex Iafallo. 3:01 of 1st period - Shot Hit the Post. 3:23 of 1st period - Shot by Carl Soderberg. 3:23 of 1st period - Stopped by Pheonix Copley without a rebound. 3:24 of 1st period - Anze Kopitar wins face-off versus Frans Nielsen in VANCOUVER VOODOO zone. 3:53 of 1st period - Shot by Cam Atkinson. 3:53 of 1st period - Shot Misses the Net. 3:59 of 1st period - Shot by Frans Nielsen. 3:59 of 1st period - Stopped by Pheonix Copley without a rebound. 3:59 of 1st period - Minor Penalty to Daniel Girardi for Roughing. 4:00 of 1st period - Anze Kopitar wins face-off versus Carl Soderberg in VANCOUVER VOODOO zone. 4:19 of 1st period - Shot by Torey Krug. 4:19 of 1st period - Stopped by Pheonix Copley without a rebound. 4:20 of 1st period - Leo Komarov wins face-off versus Lars Eller in VANCOUVER VOODOO zone. 4:41 of 1st period - Shot by Lars Eller. 4:41 of 1st period - Shot Misses the Net. 5:56 of 1st period - Shot by Alex Iafallo. 5:56 of 1st period - Stopped by Pheonix Copley without a rebound. 5:57 of 1st period - Leo Komarov wins face-off versus Carl Soderberg in VANCOUVER VOODOO zone. 6:20 of 1st period - Shot by Jason Spezza. 6:20 of 1st period - Stopped by Pheonix Copley without a rebound. 6:21 of 1st period - Lars Eller wins face-off versus Anze Kopitar in VANCOUVER VOODOO zone. 6:26 of 1st period - Icing by Danny DeKeyser. 6:27 of 1st period - Anze Kopitar wins face-off versus Mikkel Boedker in VANCOUVER VOODOO zone. 6:34 of 1st period - Shot by Anze Kopitar. 6:34 of 1st period - Shot Misses the Net. 6:36 of 1st period - Shot by Cam Atkinson. 6:36 of 1st period - Shot Misses the Net. 6:55 of 1st period - Shot by Cam Atkinson. 6:55 of 1st period - Stopped by Ukko-Pekka Luukkonen with a rebound. 8:23 of 1st period - Shot by Nick Foligno. 8:23 of 1st period - Stopped by Pheonix Copley without a rebound. 8:24 of 1st period - Leo Komarov wins face-off versus Jason Spezza in VANCOUVER VOODOO zone. 8:24 of 1st period - Leo Komarov is hit by Marcus Foligno. 8:29 of 1st period - Daniel Girardi is hit by Ryan Stanton. 8:42 of 1st period - Magnus Paajarvi-Svensson is hit by Ryan Stanton and loses puck. 8:58 of 1st period - Magnus Paajarvi-Svensson is hit by T.J. Brennan and loses puck. 9:27 of 1st period - Shot by Cam Atkinson. 9:27 of 1st period - Shot Misses the Net. 9:33 of 1st period - Shot by Cam Atkinson. 9:33 of 1st period - Shot Blocked by Colin Wilson. 9:49 of 1st period - Icing by Nick Foligno. 9:50 of 1st period - Lars Eller wins face-off versus Carter Verhaeghe in VICTORIA GLADIATORS zone. 11:38 of 1st period - Minor Penalty to T.J. Brennan for Tripping. 11:39 of 1st period - Frans Nielsen wins face-off versus Anze Kopitar in VICTORIA GLADIATORS zone. 12:53 of 1st period - Shot by Cam Atkinson. 12:53 of 1st period - Shot Misses the Net. 12:55 of 1st period - Shot by Michael Matheson. 12:55 of 1st period - Goal by Michael Matheson - VICTORIA GLADIATORS : 0 - VANCOUVER VOODOO : 2. 12:56 of 1st period - Jason Spezza wins face-off versus Carter Verhaeghe in neutral zone. 13:02 of 1st period - Off-side. 13:03 of 1st period - Bryan Little wins face-off versus Jason Spezza in neutral zone. 13:50 of 1st period - Icing by Marcus Foligno. 13:51 of 1st period - Jason Spezza wins face-off versus Denis Malgin in VICTORIA GLADIATORS zone. 13:51 of 1st period - Jason Spezza is hit by Leo Komarov. 14:10 of 1st period - Shot by Denis Malgin. 14:10 of 1st period - Stopped by Ukko-Pekka Luukkonen without a rebound. 14:11 of 1st period - Anze Kopitar wins face-off versus Carl Soderberg in VICTORIA GLADIATORS zone. 14:12 of 1st period - Shot by Cam Atkinson. 14:12 of 1st period - Shot Misses the Net. 14:29 of 1st period - Off-side. 14:30 of 1st period - Leo Komarov wins face-off versus Frans Nielsen in neutral zone. 14:33 of 1st period - Shot by Magnus Paajarvi-Svensson. 14:33 of 1st period - Stopped by Ukko-Pekka Luukkonen without a rebound. 14:34 of 1st period - Frans Nielsen wins face-off versus Bryan Little in VICTORIA GLADIATORS zone. 14:44 of 1st period - Icing by Jay Bouwmeester. 14:45 of 1st period - Bryan Little wins face-off versus Carl Soderberg in VANCOUVER VOODOO zone. 14:45 of 1st period - Bryan Little is hit by Ryan Stanton. 15:07 of 1st period - Icing by Jay Bouwmeester. 15:08 of 1st period - Frans Nielsen wins face-off versus Bryan Little in VANCOUVER VOODOO zone. 15:32 of 1st period - Icing by Zack Smith. 15:33 of 1st period - Frans Nielsen wins face-off versus Anze Kopitar in VICTORIA GLADIATORS zone. 15:33 of 1st period - Frans Nielsen is hit by Brendan Lemieux. 15:53 of 1st period - Shot by Anze Kopitar. 15:53 of 1st period - Goal by Anze Kopitar - VICTORIA GLADIATORS : 0 - VANCOUVER VOODOO : 3. 15:54 of 1st period - Carl Soderberg wins face-off versus Leo Komarov in neutral zone. 15:56 of 1st period - Alex Iafallo is hit by Jack Johnson and loses puck. 16:43 of 1st period - Icing by Shea Theodore. 16:44 of 1st period - Frans Nielsen wins face-off versus Leo Komarov in VANCOUVER VOODOO zone. 16:48 of 1st period - Frans Nielsen is hit by Shea Theodore and loses puck. 17:06 of 1st period - Zack Smith is hit by Jack Johnson and loses puck. 17:13 of 1st period - Shot by Zack Smith. 17:13 of 1st period - Shot Misses the Net. 17:36 of 1st period - Jack Johnson is hit by T.J. Brennan. 17:37 of 1st period - Minor Pena